 Dungeon Crawl Stone Soup version 0.26.0-10-g1f06aea511 (webtiles) character file.

Game seed: 17469165584632581141

536 Dracia the Protected (level 7, -7/56 HPs)
             Began as a Gnoll Wanderer on Jan 14, 2021.
             Killed by divine providence
             ... invoked by an orc priest
              (11 damage)
             ... on level 4 of the Dungeon.
             The game lasted 00:06:52 (3917 turns).

Dracia the Protected (Gnoll Wanderer)               Turns: 3917, Time: 00:06:53

Health: -7/56      AC: 14    Str: 16    XL:     7   Next: 25%
Magic:  10/10      EV: 10    Int: 16    God:
Gold:   210        SH:  0    Dex: 13    Spells: 10/10 levels left

rFire    . . .     SeeInvis .   r - -2 quarterstaff (curse)
rCold    . . .     Faith    .   (shield currently unavailable)
rNeg     . . .     Spirit   .   b - +2 scale mail
rPois    .         Reflect  .   g - +0 helmet
rElec    .         Harm     .   (no cloak)
rCorr    .         Rampage  .   (no gloves)
Will     .....                  l - +1 pair of boots
Stlth    +.........             (no amulet)
HPRegen  0.18/turn              (no ring)
MPRegen  0.12/turn              (no ring)

@: no status effects
A: distributed training, fangs 1, strong nose
a: no special abilities


You were on level 4 of the Dungeon.
You visited 1 branch of the dungeon, and saw 4 of its levels.

You collected 210 gold pieces.


Innate Abilities, Weirdness & Mutations

Your experience applies equally to all skills.
You have very sharp teeth.
Your uncanny sense of smell can sniff out nearby items.


   Skills:
 + Level 5.2 Fighting
 + Level 2.3 Short Blades
 + Level 2.3 Long Blades
 + Level 2.3 Axes
 + Level 2.3 Maces & Flails
 + Level 2.3 Polearms
 + Level 2.3 Staves
 + Level 2.3 Slings
 + Level 3.5 Bows
 + Level 2.3 Crossbows
 + Level 2.3 Throwing
 + Level 10.6 Armour
 + Level 2.3 Dodging
 + Level 4.8 Stealth
 + Level 2.3 Shields
 + Level 2.3 Unarmed Combat
 + Level 2.3 Spellcasting
 + Level 1.9 Conjurations
 + Level 1.9 Hexes
 + Level 1.9 Summonings
 + Level 1.9 Necromancy
 + Level 1.9 Translocations
 + Level 1.9 Transmutations
 + Level 1.9 Fire Magic
 + Level 1.9 Ice Magic
 + Level 1.9 Air Magic
 + Level 1.9 Earth Magic
 + Level 1.9 Poison Magic
 + Level 2.6 Invocations
 + Level 2.3 Evocations


You had 10 spell levels left.
You didn't know any spells.
Your spell library was empty.

Inventory:

Hand Weapons
 a - a +0 hand axe
 d - a +0 dagger
 e - a +1 mace of holy wrath
 q - a +2 long sword of freezing
 r - a cursed -2 quarterstaff (weapon)
Missiles
 i - 38 poisoned darts (quivered)
Armour
 b - a +2 scale mail (worn)
 g - a +0 helmet (worn)
 l - a +1 pair of boots (worn)
Wands
 k - a wand of flame (24)
Scrolls
 h - 4 scrolls of identify {@r1@r1}
 n - a scroll of blinking
 o - 2 scrolls of amnesia
Potions
 c - 2 potions of lignification
 f - a potion of haste {@q3@q3}
 j - 2 potions of degeneration
 m - a potion of flight
 p - a potion of curing {unknown}
 s - a potion of might {unknown}

Dungeon Overview and Level Annotations

Branches:
Dungeon (4/15)
 Temple: D:4-7

Altars:

#>.# #..# ...
#######?.# ...
........o# #.#
########o# #.# #o#
#.# #.# #.#
#o##########.#######
#oo@...............#
#.##########.#####.#
#.# #.# ##.# #.#
#####.# #...
#.######<..#.# #..#
...........#.####>.#
#.######...#........
#.# ##.#######...
#.# #.>.


You could see an orc warrior, an orc priest and an orc.


Message History

You kill the jackal!
Unknown command.
You hit the orc warrior but do no damage.
The orc warrior barely misses you.
Unknown command.
You barely miss the orc warrior.
You bite the orc warrior, but do no damage.
The orc warrior hits you with a +0 war axe!
* * * LOW HITPOINT WARNING * * *
The orc priest looks braver for a moment.
Unknown command.
You hit the orc warrior but do no damage.
The orc warrior hits you but does no damage.
Unknown command.
You barely miss the orc warrior.
The orc warrior hits you with a +0 war axe!
* * * LOW HITPOINT WARNING * * *
Unknown command.
You hit the orc warrior but do no damage.
The orc warrior hits you but does no damage.
Unknown command.
You closely miss the orc warrior. Your bite misses the orc warrior.
The orc warrior hits you with a +0 war axe!
* * * LOW HITPOINT WARNING * * *
Unknown command.
You closely miss the orc warrior.
You bite the orc warrior, but do no damage.
The orc priest mumbles some strange prayers to Beogh against you.
Beogh smites you!
You die...

Skill      XL: |  1  2  3  4  5  6 |
---------------+-------------------+-----
Armour         | | 10.6
Invocations    | 1 2 |  2.6
Short Blades   | 1 2 |  2.3
Long Blades    | 1 2 |  2.3
Axes           | 1 2 |  2.3
Maces & Flails | 1 2 |  2.3
Polearms       | 1 2 |  2.3
Staves         | 1 2 |  2.3
Slings         | 1 2 |  2.3
Crossbows      | 1 2 |  2.3
Throwing       | 1 2 |  2.3
Dodging        | 1 2 |  2.3
Shields        | 1 2 |  2.3
Unarmed Combat | 1 2 |  2.3
Spellcasting   | 1 2 |  2.3
Evocations     | 1 2 |  2.3
Conjurations   | 1 |  1.9
Hexes          | 1 |  1.9
Summonings     | 1 |  1.9
Necromancy     | 1 |  1.9
Translocations | 1 |  1.9
Transmutations | 1 |  1.9
Fire Magic     | 1 |  1.9
Ice Magic      | 1 |  1.9
Air Magic      | 1 |  1.9
Earth Magic    | 1 |  1.9
Poison Magic   | 1 |  1.9
Bows           | 3 |  3.5
Fighting       | 5 |  5.2
Stealth        | |  4.8

Action                   |  1- 3 |  4- 6 |  7- 9 || total
-------------------------+-------+-------+-------++-------
Melee: Hand axe          |    13 |       |       ||    13
       Bite              |     8 |    25 |    17 ||    50
       Mace              |    69 |   214 |       ||   283
       Punch             |       |     2 |       ||     2
       Quarterstaff      |       |     9 |   121 ||   130
  Use: Potion            |     1 |     1 |     2 ||     4
       Scroll            |       |     4 |       ||     4
 Stab: Sleeping          |       |     5 |       ||     5
Armor: Scale mail        |   103 |   139 |    86 ||   328
       Skin              |    78 |     6 |       ||    84
Dodge: Dodged            |    85 |   151 |    97 ||   333

Levels and vault maps discovered:
D:1:      amcnicky_arrival_underground_garden, layout_basic, serial_forest,
          infiniplex_forest_clump_medium, infiniplex_forest_straight_4,
          infiniplex_forest_clump_C, infiniplex_forest_clump_curved,
          infiniplex_forest_corner_1, infiniplex_forest_end_2,
          infiniplex_forest_lined_2
D:2:      layout_basic, minmay_indecisive_spiral, uniq_sigmund
D:3:      layout_basic, minmay_randomly_rotated_circles
D:4:      layout_loops_ring

Notes
Turn   | Place    | Note
-------+----------+-------------------------------------------
     0 | D:1      | Reached skill level 10 in Armour
     0 | D:1      | Dracia the Gnoll Wanderer began the quest for the Orb.
     0 | D:1      | Dracia set off with the following items: a +0 hand axe, a
                  | +2 scale mail, a potion of lignification, a +0 dagger
     0 | D:1      | Reached XP level 1. HP: 20/20 MP: 1/1
    48 | D:1      | Reached XP level 2. HP: 23/26 MP: 2/2
   508 | D:1      | Reached XP level 3. HP: 31/31 MP: 3/3
   532 | D:1      | You fall into a shaft and drop 1 floor!
   557 | D:2      | Reached skill level 1 in Invocations
   559 | D:2      | Reached skill level 1 in Short Blades
   559 | D:2      | Reached skill level 1 in Long Blades
   559 | D:2      | Reached skill level 1 in Axes
   559 | D:2      | Reached skill level 1 in Maces & Flails
   559 | D:2      | Reached skill level 1 in Polearms
   559 | D:2      | Reached skill level 1 in Staves
   559 | D:2      | Reached skill level 1 in Slings
   559 | D:2      | Reached skill level 1 in Crossbows
   559 | D:2      | Reached skill level 1 in Throwing
   559 | D:2      | Reached skill level 1 in Dodging
   559 | D:2      | Reached skill level 1 in Shields
   559 | D:2      | Reached skill level 1 in Unarmed Combat
   559 | D:2      | Reached skill level 1 in Spellcasting
   559 | D:2      | Reached skill level 1 in Evocations
   563 | D:2      | Reached XP level 4. HP: 34/38 MP: 5/5
  1085 | D:2      | Reached skill level 1 in Conjurations
  1085 | D:2      | Reached skill level 1 in Hexes
  1085 | D:2      | Reached skill level 1 in Summonings
  1085 | D:2      | Reached skill level 1 in Necromancy
  1085 | D:2      | Reached skill level 1 in Translocations
  1085 | D:2      | Reached skill level 1 in Transmutations
  1085 | D:2      | Reached skill level 1 in Fire Magic
  1085 | D:2      | Reached skill level 1 in Ice Magic
  1085 | D:2      | Reached skill level 1 in Air Magic
  1085 | D:2      | Reached skill level 1 in Earth Magic
  1085 | D:2      | Reached skill level 1 in Poison Magic
  1359 | D:2      | Noticed Sigmund
  1385 | D:2      | Killed Sigmund
  1386 | D:2      | Reached skill level 3 in Bows
  1386 | D:2      | Reached skill level 2 in Invocations
  1386 | D:2      | Reached XP level 5. HP: 24/43 MP: 5/7
  1386 | D:2      | Reached XP level 6. HP: 28/50 MP: 5/8
  2612 | D:3      | Reached skill level 5 in Fighting
  2778 | D:3      | Reached skill level 2 in Short Blades
  2778 | D:3      | Reached skill level 2 in Long Blades
  2778 | D:3      | Reached skill level 2 in Axes
  2778 | D:3      | Reached skill level 2 in Maces & Flails
  2778 | D:3      | Reached skill level 2 in Polearms
  2778 | D:3      | Reached skill level 2 in Staves
  2778 | D:3      | Reached skill level 2 in Slings
  2778 | D:3      | Reached skill level 2 in Crossbows
  2778 | D:3      | Reached skill level 2 in Throwing
  2778 | D:3      | Reached skill level 2 in Dodging
  2778 | D:3      | Reached skill level 2 in Shields
  2778 | D:3      | Reached skill level 2 in Unarmed Combat
  2778 | D:3      | Reached skill level 2 in Spellcasting
  2778 | D:3      | Reached skill level 2 in Evocations
  3010 | D:3      | Reached XP level 7. HP: 56/56 MP: 10/10
  3916 | D:4      | HP: 4/56 [orc warrior/+0 war axe (7)]
  3917 | D:4      | Killed from afar by an orc priest

Vanquished Creatures
  Sigmund (D:2)
  A scorpion (D:3)
  3 wights (D:3)
  A gnoll (D:1)
  6 adders
  3 oozes (D:2)
  5 worms
  4 dart slugs (D:2)
  4 leopard geckos
  6 orcs (D:3)
  8 giant cockroaches
  8 goblins
  8 hobgoblins
  11 jackals
  3 quokkas
  4 ball pythons (D:3)
  10 bats
  6 frilled lizards
  8 kobolds
  6 rats
106 creatures vanquished.

Table legend: (Time is in decaauts)
 A = Elapsed time spent in this place.
 B = Non-inter-level travel time spent in this place.
 C = Inter-level travel time spent in this place.
 D = Time resting spent in this place.
 E = Time spent auto-exploring this place.
 F = Levels seen in this place.
 G = Mean time per level.
                   A        B        C        D        E       F      G
               +--------+--------+--------+--------+--------+-----+--------+
         Total |   4021 |   3917 |    104 |    688 |   2428 |   4 | 1005.2 |
       Dungeon |   4021 |   3917 |    104 |    688 |   2428 |   4 | 1005.2 |
               +--------+--------+--------+--------+--------+-----+--------+

Top non-repeatable levels by time:
     D:2: 1461 daAuts
     D:3: 1279 daAuts
     D:1: 1200 daAuts
     D:4: 80 daAuts

Table legend:
 A = Non-vault XP
 B = Vault XP
 C = Vault XP percentage of total XP
 D = Non-vault monster count
 E = Vault monster count
 F = Vault count percentage of total count
                 A         B        C        D         E       F
            +---------+---------+-------+---------+---------+-------
      Total |     492 |     275 |  35.9 |      91 |      15 |  14.2
            +---------+---------+-------+---------+---------+-------
        D:1 |      49 |       0 |   0.0 |      23 |       0 |   0.0
        D:2 |     121 |     244 |  66.8 |      32 |       5 |  13.5
        D:3 |     314 |      31 |   9.0 |      32 |      10 |  23.8
        D:4 |       8 |       0 |   0.0 |       4 |       0 |   0.0
            +---------+---------+-------+---------+---------+-------
